 Dungeon Crawl Stone Soup version 0.30-a0-986-g7f2e898f52 (webtiles) character file.

Game seed: 7597474034600484849

3513 Shard1697 the Basher (level 9, -14/87 HPs)
             Began as an Armataur Fighter on Apr 2, 2023.
             Was an Initiate of Gozag.
             Killed from afar by Erica (36 damage)
             ... with a bolt of poison
             ... on level 7 of the Dungeon.
             The game lasted 00:09:18 (7852 turns).

Shard1697 the Basher (Armataur Fighter)             Turns: 7852, Time: 00:09:19

Health: -14/87     AC: 13    Str: 24    XL:     9   Next: 81%
Magic:  9/9        EV:  6    Int:  8    God:    Gozag
Gold:   572        SH:  8    Dex: 12    Spells: 8/8 levels left

rFire   + + .      SeeInvis .    a - +2 flail (flame)
rCold   . . .      Faith    .    C - +0 kite shield
rNeg    . . .      Spirit   .    o - +0 fire dragon scales
rPois   .          Reflect  .    (no helmet)
rElec   .          Roll     +    u - +2 cloak
rCorr   .                        x - +1 pair of gloves
Will    .....                    (no barding) Stlth
                                 (no amulet)
HPRegen 0.34/turn                t - ring of protection from cold
MPRegen 0.11/turn                (no ring)

@: lethally poisoned (-14 -> -31), gold aura
A: large, rugged brown scales 3, deformed body, armoured tail, roll, long
tongue, awkward tongue
a: Renounce Religion, Potion Petition, Call Merchant, Bribe Branch


You were on level 7 of the Dungeon.
You worshipped Gozag.
Gozag was pleased with you.
You visited 2 branches of the dungeon, and saw 9 of its levels.

You collected 649 gold pieces.
You paid 77 gold pieces to Gozag.

Inventory:

Hand Weapons
 a - a +2 flail of flaming (weapon)
 b - a +2 dire flail of protection
 l - the +5 woodcutter's axe
   (You found it on level 2 of the Dungeon)
Armour
 o - +0 fire dragon scales (worn)
 s - a +0 plate armour
 u - a +2 cloak (worn)
 x - a +1 pair of gloves (worn)
 C - a +0 kite shield (worn)
Jewellery
 c - a ring of ice
 t - a ring of protection from cold (left hand)
Wands
 B - a wand of iceblast (10)
Scrolls
 f - a scroll of enchant weapon
 i - a scroll of brand weapon
 k - 2 scrolls of blinking
 p - 2 scrolls of fear
 r - a scroll of fog
 v - a scroll of silence
 y - a scroll of teleportation {unknown}
Potions
 d - 3 potions of might
 e - 4 potions of curing
 g - a potion of heal wounds
 h - 3 potions of magic
 j - a potion of ambrosia
 m - a potion of brilliance
 n - 3 potions of resistance
 q - a potion of flight
 w - a potion of lignification
 z - 2 potions of attraction
 A - 2 potions of haste {unknown}


   Skills:
 + Level 8.5 Fighting
 + Level 10.3 Maces & Flails
 - Level 3.6 Armour
 - Level 3.2 Shields


You had 8 spell levels left.
You didn't know any spells.
Your spell library contained the following spells:

 Spells                   Type           Power      Damage    Failure   Level
 Kiss of Death            Conj/Necr      0%         2d5       96%         1
 Magic Dart               Conj           0%         1d3       96%         1
 Shock                    Conj/Air       0%         1d3       96%         1
 Searing Ray              Conj           0%         2d4       99%         2
 Inner Flame              Hex/Fire       0%         N/A       100%        3
 Ozocubu's Armour         Ice            0%         N/A       100%        3
 Spider Form              Tmut/Pois      0%         N/A       100%        3
 Stone Arrow              Conj/Erth      0%         3d7       100%        3
 Swiftness                Air            0%         N/A       100%        3
 Airstrike                Air            0%         2d(0-16)  100%        4
 Animate Armour           Summ/Erth      0%         N/A       100%        4
 Cause Fear               Hex            0%         N/A       100%        4
 Fulminant Prism          Conj/Hex       0%         3d5       100%        4
 Agony                    Necr           0%         N/A       100%        5
 Borgnjor's Vile Clutch   Necr/Erth      0%         N/A       100%        5
 Death Channel            Necr           0%         N/A       100%        6
 Ozocubu's Refrigeration  Ice            0%         4d7       100%        7
 Discord                  Hex            0%         N/A       100%        8
 Lehudib's Crystal Spear  Conj/Erth      0%         10d2      100%        8


Dungeon Overview and Level Annotations

Branches:
Dungeon (8/15)             Temple (1/1) D:6
   Lair: D:8-11

Altars:
Ashenzari
Cheibriados
Dithmenos
Elyvilon
Fedhas
Gozag
Hepliaklqana
Kikubaaqudgha
Nemelex Xobeh
Okawaru
Qazlal
Ru
Sif Muna
Vehumet
Wu Jian
Yredelemnul
The Shining One

Annotations:
D:8 Erica, Psyche


Innate Abilities, Weirdness & Mutations

You are completely covered in rugged brown scales. (AC +3, +7% HP)
Armour fits poorly on your strangely shaped body.
You have a long armoured tail.
You roll when moving toward enemies. (Rampage)
Your long tongue fully drains potion bottles. (2x potion effects)
Your tongue gives you trouble enunciating. (1.5x scroll delay)


Message History

You destroy the wight!
The bullfrog hits you but does no damage.
The wight hits you but does no damage.
You hear some strange, mumbled words.
A lance of force appears from out of thin air!
The lance of force hits you.
You are knocked back by the lance of force.
You collide with the bullfrog!
The bullfrog is heavily wounded.
Your life force feels restored.
The wight hits you but does no damage. Something hits you.
You block the bullfrog's attack.
There is a stone staircase leading up here.
Things that are here:
5 gold pieces; a +0 vampiric halberd; a +0 robe The bullfrog hits you.
The wight hits you but does no damage.
The wight is distracted by your dazzling golden aura.
Something hits you.
You climb upwards.
Reactivating autopickup.
There is a stone staircase leading down here.
You closely miss the bullfrog.
The bullfrog is heavily wounded.
The bullfrog hits you but does no damage.
Something hits you!
Deactivating autopickup; reactivate with Ctrl-A.
The bullfrog barely misses you.
You closely miss the bullfrog.
The bullfrog is heavily wounded.
The bullfrog hits you. Something hits you.
* * * LOW HITPOINT WARNING * * *
Something hits you.
* * * LOW HITPOINT WARNING * * *
The bullfrog hits you but does no damage.
You hear some strange, mumbled words.
A bolt of poison appears from out of thin air!
The bolt of poison hits you!!!
You are poisoned.
You die...
Your body crumbles into a pile of gold.

########################
#......................#
#......................#
#......................#
#....{z................#
#.....>F......<........#
#......@...............#
#######..........[.....#
#.......#'#######.
#.......#.......#.
#...>...#.......#.
#.[..[..#.[.....#.
#.......#.......#.
#.......#.......#.
#.......#.......##


You could see a bullfrog and a wight.

Vanquished Creatures
  Sigmund (D:4)
  A steam dragon (D:7)
  Edmund (D:5)
  A water moccasin (D:5)
  Duvessa (D:7)
  3 ice beasts
  An orc warrior (D:6)
  2 sky beasts (D:6)
  2 ogres
  2 phantoms
  2 kobold brigands
  2 gnoll sergeants
  2 scorpions
  Dowan (D:7)
  9 wights
  4 killer bees (D:8)
  A howler monkey (D:6)
  5 orc priests
  4 hounds (D:6)
  3 jellies
  2 sleepcaps
  Crazy Yiuf (D:5)
  Natasha (thrice) (D:4)
  5 orc wizards
  8 gnolls
  2 adders
  2 shadow imps (D:4)
  6 white imps
  2 ufetubi (D:4)
  A worm (D:6)
  3 dart slugs
  16 orcs
  6 bats
  3 endoplasms
  2 giant cockroaches
  6 goblins
  9 hobgoblins
  11 jackals
  2 quokkas
  2 ball pythons
  5 frilled lizards
  20 kobolds
  2 rats
  2 rat zombies (D:4)
169 creatures vanquished.

Vanquished Creatures (others)
  A kobold (D:7)
  A demonic plant (D:4)
  2 plants (D:2)
4 creatures vanquished.

Grand Total: 173 creatures vanquished

Notes
Turn   | Place    | Note
-------+----------+-------------------------------------------
     0 | D:1      | Shard1697 the Armataur Fighter began the quest for the Orb.
     0 | D:1      | Reached XP level 1. HP: 19/19 MP: 1/1
   115 | D:1      | Reached skill level 2 in Maces & Flails
   198 | D:1      | Reached XP level 2. HP: 22/26 MP: 2/2
   845 | D:2      | Reached skill level 3 in Maces & Flails
   862 | D:2      | Reached XP level 3. HP: 31/32 MP: 3/3
   977 | D:2      | Reached skill level 4 in Maces & Flails
   977 | D:2      | Reached XP level 4. HP: 22/39 MP: 4/4
  1776 | D:2      | Noticed a gnoll sergeant
  1776 | D:2      | Found the +5 woodcutter's axe
  1794 | D:2      | Killed a gnoll sergeant
  1795 | D:2      | Reached skill level 5 in Maces & Flails
  1795 | D:2      | Reached XP level 5. HP: 22/44 MP: 5/5
  2367 | D:3      | Got the Quarto of Impurities and the Charnel House
  2793 | D:4      | Noticed Sigmund
  2837 | D:4      | Killed Sigmund
  2838 | D:4      | Reached skill level 6 in Maces & Flails
  2838 | D:4      | Reached XP level 6. HP: 53/53 MP: 6/6
  2933 | D:4      | Noticed Natasha
  2940 | D:4      | Killed Natasha
  3019 | D:4      | Found a shimmering blue altar of Sif Muna.
  3313 | D:4      | Found an ornate altar of the Wu Jian Council.
  3444 | D:4      | Noticed Natasha
  3451 | D:4      | Killed Natasha
  3499 | D:4      | Found an ancient bone altar of Kikubaaqudgha.
  3530 | D:4      | Noticed Natasha
  3537 | D:4      | Killed Natasha
  3544 | D:5      | Entered Level 5 of the Dungeon
  3551 | D:5      | Identified the amulet "Wataehull" {RegenMP -Tele Rampage
                  | Int+5}
  3567 | D:5      | Reached XP level 7. HP: 24/60 MP: 7/7
  3712 | D:5      | Noticed Edmund
  3750 | D:5      | HP: 1/62 [Edmund/+2 dire flail of protection (11)]
  3752 | D:5      | Killed Edmund
  3753 | D:5      | Reached skill level 7 in Maces & Flails
  3903 | D:5      | Found a broken altar of Ashenzari.
  3985 | D:5      | Found a runed translucent door.
  3986 | D:5      | Noticed Crazy Yiuf
  3995 | D:5      | Killed Crazy Yiuf
  4422 | D:5      | Reached skill level 5 in Fighting
  4422 | D:5      | Reached XP level 8. HP: 17/72 MP: 8/8
  4802 | D:5      | Reached skill level 8 in Maces & Flails
  5715 | D:6      | Found a staircase to the Ecumenical Temple.
  5773 | Temple   | Entered the Ecumenical Temple
  5825 | Temple   | Became a worshipper of Gozag Ym Sagoz the Greedy
  5986 | D:6      | Found a snail-covered altar of Cheibriados.
  6087 | D:7      | Reached skill level 9 in Maces & Flails
  6087 | D:7      | Reached XP level 9. HP: 70/83 MP: 9/9
  6492 | D:7      | Noticed Duvessa
  6857 | D:7      | Noticed Dowan
  6961 | D:7      | Killed Duvessa
  6977 | D:7      | Killed Dowan
  7217 | D:7      | Identified the +2 spear of Descent {venom, rF++}
  7280 | D:8      | Noticed Erica
  7281 | D:8      | Noticed Psyche
  7371 | D:7      | Reached skill level 10 in Maces & Flails
  7852 | D:7      | Killed from afar by Erica

Illustrated notes

Levels and vault maps discovered:
D:1:      dpeg_arrival_radiant, layout_basic
D:2:      minmay_spotlight, layout_basic, serial_bayou_ford_a,
          pf_guarded_unrand_woodcutter
D:3:      layout_loops_corners
D:4:      layout_rooms, lemuel_zombie_altar_kikubaaqudgha, lemuel_round_altar,
          kennysheep_mini_moat, serial_demonic, serial_demonic_a,
          serial_demonic_d, serial_demonic_c, serial_demonic_f, uniq_natasha,
          uniq_sigmund
D:5:      layout_layer_cave, cheibrodos_ashenzari_chains,
          minmay_misc_feat_roman, dk_noncrumbling_4, nicolae_figureground_pulse,
          uniq_edmund, uniq_crazy_yiuf_cottage
D:6:      layout_cave_pools, slow_altar_2, minmay_temple_entry_grid
D:7:      layout_gridville, uniq_duvessa
D:8:      layout_basic, bloody_makhleb, palyth_stone_intersect, uniq_erica,
          uniq_psyche, uniq_maggie
Temple:   hellmonk_temple_forest_ring

Skill      XL: |  1  2  3  4  5  6  7  8  9 |
---------------+----------------------------+-----
Maces & Flails | 2 3 4 5 6 7 9 10 | 10.3
Fighting       | 3 5 6 8 |  8.5
Armour         | |  3.6
Shields        | |  3.2

Action                     |  1- 3 |  4- 6 |  7- 9 || total
---------------------------+-------+-------+-------++-------
  Melee: Flail             |   112 |   132 |   306 ||   550
         Tailslap          |     9 |     9 |    45 ||    63
    Use: Scroll            |       |    11 |     8 ||    19
         Potion            |       |       |     5 ||     5
 Armour: Scale mail        |    58 |    21 |       ||    79
         Fire dragon scale |       |    49 |   213 ||   262
  Dodge: Dodged            |    39 |    43 |   116 ||   198
  Block: Buckler           |    29 |    30 |    63 ||   122
         Kite shield       |       |       |    16 ||    16

Table legend: (Time is in decaauts)
 A = Elapsed time spent in this place.
 B = Non-inter-level travel time spent in this place.
 C = Inter-level travel time spent in this place.
 D = Time resting spent in this place.
 E = Time spent auto-exploring this place.
 F = Levels seen in this place.
 G = Mean time per level.
                   A        B        C        D        E       F      G
               +--------+--------+--------+--------+--------+-----+--------+
         Total |   7936 |   7672 |    264 |   1429 |   4811 |   9 |  881.8 |
       Dungeon |   7865 |   7618 |    247 |   1429 |   4774 |   8 |  983.1 |
        Temple |     70 |     53 |     17 |      0 |     37 |   1 |   70.0 |
               +--------+--------+--------+--------+--------+-----+--------+

Top non-repeatable levels by time:
     D:5: 1851 daAuts
     D:2: 1210 daAuts
     D:6: 1150 daAuts
     D:7: 919 daAuts
     D:3: 823 daAuts
     D:1: 799 daAuts
     D:4: 769 daAuts
     D:8: 340 daAuts
  Temple: 70 daAuts
